 Dungeon Crawl Stone Soup version 0.30-a0-58-gc0703345a7 (webtiles) character file.

Game seed: 6393097608037562811

205166 jlumianski the Demonic Cataclysm (level 18, -2/146 HPs)
             Began as a Demonspawn Gladiator on Sept 11, 2022.
             Was a High Priest of Qazlal.
             Slain by a merfolk impaler
             ... wielding a +0 demon trident of flaming
              (3 damage)
             ... on level 2 of the Shoals on Sept 12, 2022.
             The game lasted 03:17:38 (33858 turns).

jlumianski the Demonic Cataclysm (DsGl)            Turns: 33858, Time: 03:17:39

Health: -2/146     AC: 32    Str: 24    XL:     18   Next: 3%
Magic:  0/30       EV: 19    Int: 15    God:    Qazlal [*****.]
Gold:   566        SH:  7    Dex: 13    Spells: 26/34 levels left

rFire   . . .      SeeInvis .    j - +0 lajatang (vorpal)
rCold   . . .      Faith    .    (shield currently unavailable)
rNeg    . . .      Spirit   +    u - +2 ring mail of Weomnim {Fly Str+3 Stlth+}
rPois   .          Reflect  .    v - +2 hat
rElec   .          Harm     .    t - +2 cloak
rCorr   .          Rampage  .    S - +2 pair of gloves
Will    +....                    g - +2 pair of boots
Stlth   +.........               p - amulet of regeneration
HPRegen 1.14/turn                n - +4 ring of protection
MPRegen 0.44/turn                y - +4 ring of evasion

@: lethally poisoned (-2 -> -3), protected from physical damage, flying, repel
missiles
A: claws 2, slimy green scales 2, demonic guardian 2, magic shield, magic
regeneration, magic link, bedeviling, antennae 1, clever 1
}: 1/15 runes: serpentine
a: Renounce Religion, Upheaval, Elemental Force, Disaster Area


You were on level 2 of the Shoals.
You worshipped Qazlal.
Qazlal was extremely pleased with you.
You visited 6 branches of the dungeon, and saw 29 of its levels.
You also visited: Sewer and Ossuary.

You collected 4048 gold pieces.
You spent 3482 gold pieces at shops.

Inventory:

Hand Weapons
 j - a +0 vorpal lajatang (weapon)
 T - the +10 mace of the Swamp {vorpal, +Blink rN+}
   (You found it on level 5 of the Lair of Beasts)

   It inflicts extra damage upon your enemies.
   rN:        It protects you from negative energy.
   +Blink:    It lets you blink.
Missiles
 e - 4 javelins
 q - 17 atropa-tipped darts
 A - 21 boomerangs (quivered)
Armour
 g - a +2 pair of boots (worn)
 t - a +2 cloak (worn)
 u - the +2 ring mail of Weomnim (worn) {Fly Str+3 Stlth+}
   (You found it on level 4 of the Snake Pit)

   Str:       It affects your strength (+3).
   Fly:       It grants you flight.
   Stlth:     It makes you more stealthy.
 v - a +2 hat (worn)
 S - a +2 pair of gloves (worn)
 V - the +8 crystal plate armour "Udgha" {rC- rN+ Regen+ rCorr}
   (You bought it in a shop on level 2 of the Orcish Mines)

   rC:        It makes you vulnerable to cold.
   rN:        It protects you from negative energy.
   Regen:     It increases your rate of health regeneration.
   rCorr:     It protects you from acid and corrosion.
 Y - a scarf of resistance
Jewellery
 f - a ring of resist corrosion
 m - a ring of fire
 n - a +4 ring of protection (left hand)
 p - an amulet of regeneration (around neck)
 y - a +4 ring of evasion (right hand)
 W - a ring of protection from cold
Wands
 s - a wand of mindburst (13)
 C - a wand of charming (21)
 D - a wand of light (9)
 K - a wand of flame (12)
Scrolls
 a - a scroll of immolation
 b - a scroll of amnesia
 c - 10 scrolls of identify
 k - 10 scrolls of fog
 B - 19 scrolls of teleportation
 G - 10 scrolls of fear
 I - 2 scrolls of summoning
 J - 5 scrolls of blinking
 U - 3 scrolls of silence
Potions
 h - 3 potions of heal wounds
 i - 17 potions of curing
 l - 2 potions of invisibility
 w - 4 potions of might
 E - a potion of resistance
 L - 2 potions of berserk rage
 M - 2 potions of cancellation
 P - 6 potions of haste
 R - 6 potions of flight
Miscellaneous
 o - a box of beasts (inert)
 H - a tin of tremorstones (1/2)
 O - a condenser vane


   Skills:
 + Level 14.0 Fighting
 - Level 2.8 Axes
 - Level 14.0 Staves
 - Level 2.1 Throwing
 + Level 12.3 Armour
 + Level 8.9 Dodging
 - Level 2.9 Stealth
 - Level 1.3 Shields
 - Level 8.7 Spellcasting
 - Level 9.5 Summonings
 - Level 2.3 Necromancy
 * Level 15.4 Invocations
 * Level 11.9 Evocations


You had 26 spell levels left.
You knew the following spells:

 Your Spells              Type           Power      Damage    Failure   Level
a - Summon Small Mammal   Summ           100%       N/A       1%          1
b - Call Canine Familiar  Summ           35%        N/A       1%          3
c - Summon Lightning Spi  Summ/Air       20%        N/A       22%         4

Your spell library contained the following spells:

 Spells                   Type           Power      Damage    Failure   Level
 Necrotise                Necr           52%        1d6       6%          1
 Apportation              Tloc           12%        N/A       16%         1
 Sandblast                Erth           12%        2d6       16%         1
 Passwall                 Tmut/Erth      5%         N/A       22%         2
 Dazzling Flash           Conj/Hex       18%        N/A       41%         3
 Inner Flame              Hex/Fire       9%         N/A       41%         3
 Portal Projectile        Hex/Tloc       18%        N/A       41%         3
 Stone Arrow              Conj/Erth      12%        3d7       41%         3
 Tukima's Dance           Hex            9%         N/A       41%         3
 Airstrike                Air            3%         2d(1-17)  83%         4
 Cause Fear               Hex            4%         N/A       83%         4
 Leda's Liquefaction      Hex/Erth       4%         N/A       83%         4
 Agony                    Necr           13%        N/A       85%         5
 Blade Hands              Tmut           3%         N/A       99%         5
 Irradiate                Conj/Tmut      3%         3d12      99%         5
 Lightning Bolt           Conj/Air       3%         1d14      99%         5
 Silence                  Hex/Air        4%         N/A       99%         5
 Dragon Form              Tmut           3%         N/A       100%        7
 Discord                  Hex            4%         N/A       100%        8


Dungeon Overview and Level Annotations

Branches:
Dungeon (15/15)            Temple (1/1) D:4            Lair (5/5) D:11
 Shoals (2/4) Lair:3        Snake (4/4) Lair:3        Slime (0/5) Lair:5
    Orc (2/2) D:9             Elf (0/3) Orc:2        Vaults (0/5) D:14
 Depths (0/4) D:15          Sewer (visited)         Ossuary (visited)

Altars:
Ashenzari
Cheibriados
Dithmenos
Fedhas
Gozag
Hepliaklqana
Kikubaaqudgha
Makhleb
Nemelex Xobeh
Okawaru
Qazlal
Ru
Sif Muna
Trog
Uskayaw
Vehumet
Wu Jian
Xom
Yredelemnul

Shops:
Orc:2 [[[(   Snake:1 [**   Snake:3 *   Snake:4 *

Portals:
Trove: D:12 (give 2 scrolls of acquirement)

Annotations:
D:4 2 transporters


Innate Abilities, Weirdness & Mutations

You have very sharp fingernails.
You are mostly covered in slimy green scales. (AC +3)
A demonic guardian rushes to your aid.
When hurt, damage is shared between your health and your magic reserves.
You regenerate magic rapidly.
When low on magic, you restore magic in place of health.
Your hexes are more powerful.
You have a pair of small antennae on your head.
Your mind is acute. (Int +4, Str/Dex -1)


Message History

The tentacle dies!
Blink to where?
Press: ? - help, Dir - move target
As you read the scroll of blinking, it crumbles to dust.
You feel sick.
Your air elemental barely misses something.
The tentacle is struck by lightning.
The tentacle slaps your soul eater! The tentacle slaps your soul eater!!
A tentacle segment bursts forth from the water. x3
The tentacle is engulfed in freezing vapours.
The tentacle slaps you!
* * * LOW HITPOINT WARNING * * *
A tentacle segment bursts forth from the water.
Your air elemental hits the tentacle segment!
The merfolk impaler barely misses you.
Your soul eater hits the tentacle but does no damage.
The tentacle slaps you but does no damage.
A tentacle rises from the water!
The tentacle slaps your soul eater but does no damage.
The merfolk impaler hits you from afar with a +0 demon trident of flaming.
You feel more protected from physical attacks.
The merfolk impaler burns you.
* * * LOW HITPOINT WARNING * * *
A tentacle comes into view.
You feel sick.
The tentacle is engulfed in freezing vapours.
The tentacle misses you. The tentacle slaps you!
* * * LOW HITPOINT WARNING * * *
You feel more protected from physical attacks.
The tentacle is struck by lightning.
The tentacle slaps your air elemental!
Your air elemental hits the tentacle.
Your soul eater barely misses the tentacle.
The tentacle is engulfed in freezing vapours.
The tentacle slaps you.
* * * LOW HITPOINT WARNING * * *
You block the merfolk's attack.
The merfolk impaler hits you from afar with a +0 demon trident of flaming!
* * * LOW HITPOINT WARNING * * *
The merfolk impaler burns you.
You die...

~~~~~~~~*******~~~*******~~~~~~~~
~~~~~~~~#≈X~~~~≈~~~~~~X≈#~~~~~~~~
~~~~~,,,#≈~~≈~~~≈~~~~~~≈#~~~~~~~~
~~~~,,,,#~~!~~~≈≈~≈~~?~~#~~~~~~~~
,,,,,,,,#~~~~~~~~≈~~~~~~#~~~~~~~~
,,,,,,,~#~~≈~~~~~~~~~≈~≈#~~~~~~~~
,,,,,,,~#~~~~~~§≈~~~≈~≈~#~~~~~~~~
,,,,,,,~~~~~~~☼w≈~~~~~~~.~~~~~~~~
,,,,,,,~~m~)≈≈§.@§~§~.$≈..,~~~~~~
,,,,,,,~~~~~≈3m~E○§§.§§...,~~~~~~
,,,,,,,.#~.~w~mwE~○...§.#.,,~~~~~
,,~~,,,,#..≈~.~~~~~.....#,,,~~~~~
,~~~,,,,#~/../~§...~.[~~#,,,~~~~~
~~~~,,,,#│.[/~~~..~.$~.≈#,,~~~~~~
~~~~,,,,#≈./.~~.......≈##,,~~~~~~
~~~~,***#≈X~..~....§.§##,,~~~~~~~
~~~~,* ********~,,*****,,~~~~~~~~


You could see 3 krakens, a merfolk impaler, 2 merfolk, 3 tentacles, a friendly
soul eater (summoned), a friendly earth elemental (summoned) and a friendly air
elemental (summoned).

Vanquished Creatures
  Rupert (Snake:1)
  2 quicksilver dragons (Snake:4)
  Gastronok (Lair:2)
  Frances (D:12)
  A kraken (Shoals:2)
  A nagaraja (Snake:4)
  An orc warlord (Orc:1)
  A stone giant (D:15)
  The ghost of Jeffwins the Transmogrifier, a journeyman HuWn of Kikubaaqudgha (Lair:4)
  The ghost of Xeinaf the Brawler, a journeyman TrAr of Nemelex Xobeh (Lair:3)
  An ettin (D:11)
  2 merfolk impalers (Shoals:1)
  2 fire dragons
  3 vault guards (D:14)
  Fannar (Orc:2)
  6 hydras
  4 boulder beetles
  3 ogre magi
  4 salamander tyrants
  5 centaur warriors
  14 anacondas
  12 two-headed ogres
  14 naga warriors
  20 death yaks
  2 catoblepae (Lair:5)
  An orc high priest (Orc:2)
  3 tengu warriors
  13 naga sharpshooters
  8 shock serpents
  A skeletal warrior (D:14)
  A salamander mystic (Snake:3)
  A deep troll (D:9)
  A swamp dragon (Lair:5)
  5 naga ritualists
  9 sea snakes
  A lindwurm (Lair:5)
  6 manticores
  4 ugly things
  2 orc knights
  6 mana vipers
  16 salamanders
  2 orc sorcerers (Orc:1)
  6 cyclopes
  8 elephants
  A black mamba (shapeshifter) (D:15)
  3 merfolk sirens
  11 guardian serpents
  37 black mambas
  16 naga magi
  2 molten gargoyles (Lair:3)
  Maggie (Lair:2)
  14 cane toads
  4 torpor snails
  A yaktaur (D:15)
  A cane toad (shapeshifter) (D:13)
  An unseen horror (D:7)
  3 rime drakes (Lair:5)
  2 kobold demonologists
  4 tengu conjurers
  10 komodo dragons
  A polar bear (shapeshifter) (D:12)
  12 trolls
  A merfolk (Shoals:2)
  2 polar bears (Lair:4)
  3 hornets
  A wind drake (Shoals:1)
  29 blink frogs
  17 slime creatures
  17 dream sheep
  A snapping turtle (Shoals:1)
  Sigmund (D:3)
  A shadow (D:9)
  3 basilisks
  6 wraiths
  6 wyverns
  48 yaks
  5 steam dragons
  9 vampire mosquitoes
  Menkaure (D:4)
  45 nagas
  8 wargs
  2 acid dragons
  15 water moccasins
  18 orc warriors
  2 sky beasts
  An ice beast (D:7)
  6 black bears
  29 ogres
  6 centaurs
  12 wolves
  3 kobold brigands
  7 bullfrogs
  2 elf zombies (Ossuary)
  2 gnoll sergeants
  A necrophage (D:6)
  6 wights
  2 electric eels (Snake:3)
  A howler monkey (D:8)
  4 hounds
  5 lava snakes (Lair:3)
  8 jellies
  4 orc priests
  Crazy Yiuf (D:6)
  2 gnoll boudas
  10 iguanas
  16 orc wizards
  7 hell rats
  2 hound zombies (Ossuary)
  4 mummies (Ossuary)
  13 gnolls
  6 adders
  An adder (shapeshifter) (D:15)
  2 shadow imps
  2 white imps (D:7)
  An ufetubus (D:6)
  An adder zombie (Ossuary)
  5 worms
  4 dart slugs
  52 orcs
  9 ball pythons
  7 endoplasms
  8 giant cockroaches
  4 goblins
  3 hobgoblins
  8 jackals
  6 quokkas
  7 bats
  5 frilled lizards
  3 hobgoblin zombies (Ossuary)
  25 kobolds
  A kobold zombie (Ossuary)
  An orc zombie (Ossuary)
  9 rats
  2 rat zombies (Ossuary)
  4 tentacles (Shoals:2)
893 creatures vanquished.

Vanquished Creatures (collateral kills)
  The ghost of Triskal the Fighter, an adept TrTm of Cheibriados (Snake:4)
  Louise (D:14)
  Nessos (Lair:4)
  A dire elephant (Lair:5)
  A hydra (Lair:4)
  2 salamander tyrants (Snake:3)
  A boulder beetle (D:11)
  5 two-headed ogres
  2 naga warriors (Snake:4)
  An anaconda (Snake:3)
  5 death yaks
  A salamander mystic (Snake:1)
  Lodul (D:10)
  A naga ritualist (Snake:3)
  A deep troll (D:9)
  A deep elf pyromancer (D:15)
  An oklob plant (Lair:3)
  A cyclops (D:9)
  2 salamanders
  2 black mambas
  2 naga magi (Snake:2)
  A rime drake (Lair:5)
  A queen bee (shapeshifter) (D:14)
  3 trolls (Orc:1)
  A polar bear (Lair:4)
  A slime creature (D:12)
  A dream sheep (Lair:4)
  A yak (Lair:5)
  A steam dragon (Lair:5)
  A basilisk (Lair:5)
  2 ogres
  4 wights (D:8)
  A mummy (D:7)
  2 gnolls (D:4)
  7 orcs
  A jackal (D:1)
  2 quokkas
  A kobold (D:1)
  A tentacle (Shoals:2)
66 creatures vanquished.

Vanquished Creatures (others)
  2 orcs (Orc:2)
  18 fungi
  82 plants
  24 tentacles (Shoals:2)
126 creatures vanquished.

Grand Total: 1085 creatures vanquished

Notes
Turn   | Place    | Note
-------+----------+-------------------------------------------
     0 | D:1      | jlumianski the Demonspawn Gladiator began the quest for the
                  | Orb.
     0 | D:1      | Reached XP level 1. HP: 16/16 MP: 1/1
   234 | D:1      | You fall into a shaft and drop 1 floor!
   249 | D:2      | Gained mutation: A weak demonic guardian rushes to your
                  | aid. [demonic ancestry]
   249 | D:2      | Reached XP level 2. HP: 12/22 MP: 2/2
   744 | D:1      | Reached skill level 1 in Staves
   836 | D:1      | Gained mutation: You are partially covered in slimy green
                  | scales. (AC +2) [demonic ancestry]
   836 | D:1      | Reached XP level 3. HP: 21/27 MP: 3/3
  1060 | D:1      | Found a faded altar of an unknown god.
  1871 | D:2      | Gained mutation: You are mostly covered in slimy green
                  | scales. (AC +3) [demonic ancestry]
  1871 | D:2      | Reached XP level 4. HP: 27/33 MP: 4/4
  2026 | D:3      | Noticed Sigmund
  2441 | D:3      | Killed Sigmund
  2442 | D:3      | Reached skill level 1 in Armour
  2442 | D:3      | Gained mutation: A demonic guardian rushes to your aid.
                  | [demonic ancestry]
  2442 | D:3      | Reached XP level 5. HP: 26/39 MP: 5/5
  2442 | D:3      | Reached XP level 6. HP: 31/46 MP: 6/6
  2510 | D:4      | Found a transporter.
  2878 | D:3      | Found a bloodstained altar of Trog.
  3280 | D:3      | Found a basalt altar of Yredelemnul.
  3444 | D:4      | Noticed Menkaure
  3446 | D:4      | Found a staircase to the Ecumenical Temple.
  3548 | D:4      | Killed Menkaure
  3586 | Temple   | Entered the Ecumenical Temple
  3613 | Temple   | Became a worshipper of Qazlal Stormbringer
  3731 | D:4      | Found a transporter.
  3756 | D:4      | Reached skill level 5 in Staves
  3756 | D:4      | Gained mutation: You regenerate magic rapidly. [demonic
                  | ancestry]
  3756 | D:4      | Reached XP level 7. HP: 51/51 MP: 7/7
  3850 | D:4      | Found a hazy altar of Hepliaklqana.
  3851 | D:4      | Found a shimmering blue altar of Sif Muna.
  3931 | D:5      | Entered Level 5 of the Dungeon
  3990 | D:5      | Found an ancient bone altar of Kikubaaqudgha.
  4527 | D:5      | Found a glowing drain.
  4565 | Sewer    | Entered a sewer
  4894 | Sewer    | Gained mutation: Your mind is acute. (Int +4, Str/Dex -1)
                  | [potion of mutation]
  4894 | Sewer    | Gained mutation: You have a pair of small antennae on your
                  | head. [potion of mutation]
  5104 | D:6      | Reached skill level 1 in Invocations
  5226 | D:6      | Reached * piety under Qazlal
  5466 | D:6      | Reached XP level 8. HP: 58/58 MP: 9/9
  5475 | D:6      | Reached skill level 2 in Invocations
  5614 | D:7      | Found a sand-covered staircase.
  5622 | Ossuary  | Entered an ossuary
  5728 | Ossuary  | Reached ** piety under Qazlal
  5936 | D:7      | Noticed a hornet
  5947 | D:7      | Killed a hornet
  5948 | D:7      | Reached skill level 3 in Invocations
  5986 | D:7      | Found a basalt altar of Yredelemnul.
  6384 | D:6      | Found a runed translucent door.
  6385 | D:6      | Noticed Crazy Yiuf
  6632 | D:6      | Killed Crazy Yiuf
  7107 | D:7      | Found an opulent altar of Gozag.
  7142 | D:7      | Reached XP level 9. HP: 65/65 MP: 11/11
  7175 | D:7      | Reached skill level 4 in Invocations
  7293 | D:7      | Noticed a manticore
  7306 | D:7      | Killed a manticore
  7307 | D:7      | Reached skill level 1 in Shields
  7336 | D:7      | Noticed a troll
  7347 | D:7      | Killed a troll
  7348 | D:7      | Reached skill level 5 in Invocations
  7356 | D:7      | Reached skill level 10 in Staves
  7396 | D:7      | Identified the +5 ring mail of Paezirox {MP+9}
  7396 | D:7      | Identified the amulet "Ozuseama" {Faith Fragile Int+2
                  | Dex+3}
  7521 | D:7      | Killed an unseen horror
  7522 | D:7      | Reached skill level 5 in Fighting
  7912 | D:7      | Noticed a kobold demonologist
  7921 | D:7      | Noticed a rust devil
  7922 | D:7      | Killed a kobold demonologist
  7923 | D:7      | Reached XP level 10. HP: 67/74 MP: 12/14
  7974 | D:7      | Identified the +1 rapier "Xasuly" {pain, rElec Str-3 Int+5}
  8378 | D:8      | Reached skill level 1 in Necromancy
  8556 | D:8      | Reached skill level 1 in Evocations
  8581 | D:8      | Reached skill level 6 in Invocations
  8630 | D:8      | Found a shadowy altar of Dithmenos.
  8973 | D:8      | Reached *** piety under Qazlal
  9165 | D:9      | Found a blossoming altar of Fedhas.
  9293 | D:9      | Learned a level 1 spell: Summon Small Mammal
  9321 | D:9      | Found a staircase to the Orcish Mines.
  9344 | D:9      | Reached skill level 1 in Spellcasting
  9352 | D:9      | Reached skill level 5 in Armour
  9352 | D:9      | Reached skill level 1 in Stealth
  9538 | D:9      | Reached skill level 1 in Summonings
  9921 | D:10     | Entered Level 10 of the Dungeon
 10040 | D:9      | Reached skill level 7 in Invocations
 10040 | D:9      | Gained mutation: When hurt, damage is shared between your
                  | health and your magic reserves. [demonic ancestry]
 10040 | D:9      | Reached XP level 11. HP: 76/81 MP: 16/16
 10236 | D:10     | Found a radiant altar of Vehumet.
 10518 | D:11     | Found a staircase to the Lair.
 10547 | D:11     | Noticed Lodul
 10680 | D:10     | Killed Lodul
 10935 | D:11     | Noticed a boulder beetle
 10968 | D:11     | Killed a boulder beetle
 11126 | D:11     | Learned a level 3 spell: Call Canine Familiar
 11568 | D:12     | Found a portal to a secret trove of treasure.
 11732 | D:12     | Reached **** piety under Qazlal
 11999 | D:12     | Noticed Frances
 11999 | D:12     | Noticed a boulder beetle
 12096 | D:12     | Noticed a sun demon
 12197 | D:11     | Killed a boulder beetle
 12198 | D:11     | Gained mutation: You have sharp fingernails. [demonic
                  | ancestry]
 12198 | D:11     | Reached XP level 12. HP: 48/87 MP: 13/17
 12253 | D:12     | Killed Frances
 12254 | D:12     | Reached skill level 8 in Invocations
 12460 | D:12     | Noticed a two-headed ogre
 12473 | D:12     | Killed a two-headed ogre
 12480 | D:13     | Noticed a two-headed ogre
 12501 | D:12     | Killed a two-headed ogre
 12531 | D:13     | Reached skill level 5 in Evocations
 12598 | D:12     | Noticed an ettin
 12599 | D:12     | Noticed a two-headed ogre
 12612 | D:11     | Killed an ettin
 12621 | D:12     | Killed a two-headed ogre
 12622 | D:12     | Reached skill level 5 in Dodging
 12977 | D:13     | Noticed a centaur warrior
 12988 | D:13     | Killed a centaur warrior
 13476 | D:14     | Noticed a two-headed ogre
 13492 | D:14     | Killed a two-headed ogre
 13493 | D:14     | Reached skill level 9 in Invocations
 13543 | D:14     | Reached skill level 5 in Summonings
 13561 | D:14     | Noticed a tengu warrior
 13632 | D:14     | Killed a tengu warrior
 13689 | D:14     | Noticed a two-headed ogre
 13698 | D:14     | Killed a two-headed ogre
 13699 | D:14     | Reached skill level 5 in Spellcasting
 13706 | D:14     | Noticed a centaur warrior
 13708 | D:14     | Noticed a six-headed hydra
 13826 | D:13     | Killed a six-headed hydra
 13851 | D:13     | Reached XP level 13. HP: 70/93 MP: 20/20
 13929 | D:14     | Found a hide-covered altar of Uskayaw.
 14235 | D:14     | Reached ***** piety under Qazlal
 14326 | Lair:1   | Entered Level 1 of the Lair of Beasts
 14405 | D:15     | Entered Level 15 of the Dungeon
 14516 | D:14     | Noticed Louise
 14534 | D:14     | Killed Louise
 14549 | D:14     | Reached skill level 10 in Invocations
 14772 | D:14     | Found a gate to the Vaults.
 14915 | D:15     | Noticed a stone giant
 14917 | D:15     | Found a staircase to the Depths.
 14985 | D:15     | Killed a stone giant
 15607 | D:15     | Found a blossoming altar of Fedhas.
 16094 | Orc:1    | Entered Level 1 of the Orcish Mines
 16385 | Orc:2    | Entered Level 2 of the Orcish Mines
 16385 | Orc:2    | Found Oses's Antique Weapon Emporium.
 16416 | D:9      | Gained mutation: You have very sharp fingernails. [demonic
                  | ancestry]
 16416 | D:9      | Reached XP level 14. HP: 65/103 MP: 21/23
 16627 | Orc:2    | Noticed an orc warlord
 16768 | Orc:1    | Reached skill level 11 in Invocations
 17190 | Orc:1    | Killed an orc warlord
 17290 | Orc:2    | Found Jugeat's Antique Armour Shop.
 17320 | Orc:2    | Found Niopreum's Antique Armour Shoppe.
 17427 | Orc:2    | Found Laazaal's Armour Emporium.
 17541 | Orc:2    | Found a staircase to the Elven Halls.
 17565 | Orc:2    | Found a runed translucent door.
 17721 | Orc:1    | Noticed Fannar
 17775 | Orc:2    | Killed Fannar
 18635 | Lair:2   | Noticed Maggie
 18812 | Lair:1   | Learned a level 4 spell: Summon Lightning Spire
 19581 | Lair:2   | Noticed Gastronok
 19595 | Lair:2   | Killed Gastronok
 19730 | Lair:2   | Killed Maggie
 20091 | Lair:2   | Identified the +0 trident "Nugeat" {flame, rN+ Str-2
                  | Stlth+}
 20352 | Lair:3   | Reached skill level 12 in Invocations
 20366 | Lair:3   | Gained mutation: Your hexes are more powerful. [demonic
                  | ancestry]
 20366 | Lair:3   | Reached XP level 15. HP: 112/112 MP: 26/26
 20753 | Lair:3   | Found a staircase to the Shoals.
 20998 | Orc:2    | Bought a jewelled crystal plate armour for 2635 gold pieces
 20998 | Orc:2    | Identified the +8 crystal plate armour "Udgha" {rC- rN+
                  | Regen+ rCorr} (You bought it in a shop on level 2 of the
                  | Orcish Mines)
 21202 | Lair:3   | Found a sparkling altar of Nemelex Xobeh.
 21261 | Lair:3   | Found a staircase to the Snake Pit.
 21293 | Lair:3   | Found a large runed translucent door.
 21293 | Lair:3   | Found a large runed translucent door.
 21295 | Lair:3   | Noticed Xeinaf's ghost (journeyman TrAr)
 21885 | Lair:3   | Killed Xeinaf's ghost
 21976 | Lair:4   | Noticed Nessos
 21985 | Lair:4   | Found a runed translucent gate.
 21986 | Lair:4   | Killed Nessos
 21990 | Lair:4   | Noticed Jeffwins's ghost (journeyman HuWn)
 22145 | Lair:4   | Identified the +1 scale mail of Vaxt {rC+ Int+4}
 22386 | Lair:4   | Found a runed translucent gate.
 22387 | Lair:4   | Found a runed translucent gate.
 22400 | Lair:4   | Identified the +5 whip "Haow" {venom, rN+}
 22797 | Lair:4   | Reached skill level 10 in Fighting
 23324 | Lair:4   | Killed Jeffwins's ghost
 23445 | Lair:5   | Entered Level 5 of the Lair of Beasts
 23852 | Lair:5   | Reached ****** piety under Qazlal
 23900 | Lair:5   | Reached skill level 13 in Invocations
 23900 | Lair:5   | Gained mutation: When low on magic, you restore magic in
                  | place of health. [demonic ancestry]
 23900 | Lair:5   | Reached XP level 16. HP: 124/124 MP: 26/28
 23909 | Lair:5   | Found a staircase to the Slime Pits.
 24809 | Lair:5   | Identified the +10 mace of the Swamp {vorpal, +Blink rN+}
 25023 | Orc:2    | Bought a +1 chain mail of poison resistance for 229 gold
                  | pieces
 25188 | Snake:1  | Entered Level 1 of the Snake Pit
 25374 | Snake:1  | Reached skill level 10 in Evocations
 25655 | Snake:1  | Found Syfar's General Store.
 25660 | Snake:1  | Found Ciufixu's Assorted Antiques.
 26145 | Snake:1  | Noticed Rupert
 26163 | Snake:1  | Killed Rupert
 26164 | Snake:1  | Reached skill level 10 in Armour
 26444 | Snake:1  | Found Agobejos's Antique Armour Emporium.
 26453 | Snake:1  | Bought a pair of faintly humming boots for 256 gold pieces
 26453 | Snake:1  | Identified the +1 pair of boots of Zetzax {MP+9 Int+3
                  | Stlth+} (You bought it in a shop on level 1 of the Snake
                  | Pit)
 27121 | Snake:2  | You fall into a shaft and drop 1 floor!
 27440 | Snake:2  | Reached skill level 14 in Invocations
 28334 | Snake:3  | Reached XP level 17. HP: 95/135 MP: 21/29
 29354 | Snake:3  | Found Yturus's Assorted Antiques.
 29358 | Snake:3  | Bought a potion of heal wounds for 125 gold pieces
 29358 | Snake:3  | Bought a scroll of summoning for 237 gold pieces
 29618 | Snake:4  | Entered Level 4 of the Snake Pit
 30285 | Snake:4  | Reached skill level 15 in Invocations
 30675 | Snake:4  | Found Duvufatt's General Store.
 30865 | Snake:4  | Found a runed translucent gate.
 30866 | Snake:4  | Found a runed translucent gate.
 30866 | Snake:4  | Found a runed translucent gate.
 30866 | Snake:4  | Noticed Triskal's ghost (adept TrTm)
 31334 | Snake:4  | Noticed a quicksilver dragon
 31348 | Snake:4  | Noticed a quicksilver dragon
 31418 | Snake:4  | Killed a quicksilver dragon
 31424 | Snake:4  | Killed a quicksilver dragon
 31819 | Snake:4  | Identified the +2 ring mail of Weomnim {Fly Str+3 Stlth+}
 31858 | Snake:4  | Got a serpentine rune of Zot
 32398 | Snake:4  | Killed Triskal's ghost
 32720 | Shoals:1 | Entered Level 1 of the Shoals
 33458 | Shoals:1 | Reached XP level 18. HP: 146/146 MP: 30/30
 33858 | Shoals:2 | HP: 1/146 [merfolk impaler/+0 demon trident of flaming (7)]
 33858 | Shoals:2 | Slain by a merfolk impaler

Illustrated notes

Levels and vault maps discovered:
D:1:      erik_arrival_blinker_ship, layout_basic,
          hellmonk_ecumenical_altar_lost_god, minmay_worlds_worst_comb
D:2:      layout_rooms
D:3:      layout_loops_ring, lemuel_round_altar, amcnicky_altar_gilded,
          uniq_sigmund
D:4:      gammafunk_cloud_chamber, layout_basic, nicolae_overflow_squiral,
          minmay_temple_entry_glass, feat_on_display, uniq_menkaure
D:5:      layout_loops_cross, overflow_temple_1_default,
          cheibrodos_sewer_entry_bend
D:6:      layout_loops_ring, mainiacjoe_overflow_cross_hatched,
          chequers_serial_rivers_micro_c,
          nicolae_concentric_dashed_squares_wild, minmay_misc_feat_more_columns,
          nicolae_eternal_life, uniq_crazy_yiuf_cottage
D:7:      minmay_the_grid_octo_2x2 [minmay_the_grid_octo_vomiting_pacman,
          minmay_the_grid_octo_tetromino_candy, minmay_the_grid_octo_clover_2,
          minmay_the_grid_octo_prize_ultimate_mussel_roller], layout_layer_cave,
          gup_ossuary_entry_pyramid, serial_rivers,
          chequers_serial_rivers_micro_c, chequers_serial_rivers_room_a,
          chequers_serial_rivers_micro_c, chequers_serial_rivers_small_b,
          chequers_serial_rivers_micro_e, chequers_serial_rivers_micro_c,
          grunt_decor_arrowhead
D:8:      layout_basic, tso_altar, lemuel_crystal_altar
D:9:      layout_roguey, lemuel_coloured_pillars_altar, david_orc_1_choice,
          serial_bayou_pond_a
D:10:     layout_rooms, nicolae_vehumet_radiance,
          chequers_serial_rivers_micro_b, moated_statue
D:11:     layout_loops_ring, lair_entry_dummy, uniq_lodul
D:12:     layout_roguey, trove_entry_hex_spiral, kennysheep_just_a_vault,
          uniq_frances
D:13:     layout_roguey, drop_trap
D:14:     layout_roguey, lightli_vaults_fourway_checkpoint,
          nicolae_uskayaw_dance_hall, uniq_louise
D:15:     grunt_enter_depths_giant_problem, layout_gridville, fedhas_altar_4
Temple:   hellmonk_temple_two_chambers
Lair:1:   dragon1_lemuel, layout_gridlike, st_stairs_5
Lair:2:   layout_roguey, dreamdust_gnoll_shepherd, uniq_maggie, uniq_gastronok
Lair:3:   cheibrodos_magma_flow, layout_gridlike,
          minmay_shoals_entry_lonely_mermaid, dummy_snake_entry,
          ebering_ghost_disaster_area, lemuel_oklob_altar
Lair:4:   beast_lair_carwin_large_1, layout_regular_city, gammafunk_ghost_split,
          hangedman_lair_generics_rect, uniq_nessos
Lair:5:   guppyfry_lair_end_dragon, layout_concentric_octagons,
          hangedman_lair_in_review, nicolae_slime_entry_slimehenge,
          grunt_megastairs_1
Shoals:1: layout_shoals
Shoals:2: layout_shoals, portal_ice_cave_entry_ice_simulacra,
          nicolae_shoals_kraken_party
Snake:1:  layout_layer_cave, serial_shops, nicolae_lakefront_shop,
          grunt_megastairs_3, minmay_shoptagon, uniq_rupert
Snake:2:  layout_honeycomb, grunt_ministairs_5, drop_trap,
          nicolae_snake_double_loop
Snake:3:  layout_onion, serial_bayou, serial_bayou_crossing,
          serial_bayou_pond_a, serial_bayou_ford_a, serial_bayou_pond_c,
          serial_bayou_pond_e, minmay_shop_star
Snake:4:  hellmonk_snake_rune_quicksilver_temple, layout_onion, serial_shops,
          shop_fountains, ebering_ghost_rock_garden,
          nrook_guardian_serpent_ordinary, grunt_megastairs_5
Orc:1:    layout_caves, uniq_fannar
Orc:2:    st_orc_open, layout_caves, lightli_church_of_beogh

Skill      XL: |  1  2  3  4  5  6  7  8  9 10 11 12 13 14 15 16 17 |
---------------+----------------------------------------------------+-----
Dodging        | 3 4 5 6 7 8 |  8.9
Throwing       | 2 |  2.1
Staves         | 1 3 5 6 8 10 11 12 13 14 | 14.0
Armour         | 1 2 3 4 5 6 7 9 10 12 | 12.3
Fighting       | 3 5 7 8 10 12 14 | 14.0
Invocations    | 1 3 5 7 9 10 12 13 14 15 | 15.4
Shields        | 1 |  1.3
Necromancy     | 2 |  2.3
Evocations     | 2 4 5 7 8 9 10 11 | 11.9
Spellcasting   | 1 3 5 6 7 8 |  8.7
Stealth        | 1 2 |  2.9
Summonings     | 1 3 5 6 8 9 |  9.5
Axes           | |  2.8

Action                   |  1- 3 |  4- 6 |  7- 9 | 10-12 | 13-15 | 16-18 || total
-------------------------+-------+-------+-------+-------+-------+-------++-------
Melee: War axe           |    22 |       |       |       |     2 |       ||    24
       Punch             |     1 |       |       |       |     1 |       ||     2
       Lajatang          |   116 |   126 |   450 |   692 |  1311 |  1120 ||  3815
       Trident           |       |       |       |    12 |     5 |       ||    17
       Demon trident     |       |       |       |       |    25 |     3 ||    28
       Battleaxe         |       |       |       |       |    14 |       ||    14
 Fire: Longbow           |       |       |       |       |     5 |       ||     5
Throw: Dart              |       |     4 |     4 |       |       |       ||     8
       Throwing net      |       |     1 |       |       |       |       ||     1
       Javelin           |       |       |       |     9 |       |       ||     9
       Boomerang         |       |       |       |     9 |     8 |     1 ||    18
 Cast: Summon Small Mamm |       |       |       |     2 |       |       ||     2
       Call Canine Famil |       |       |       |     3 |     4 |       ||     7
Invok: Upheaval          |       |       |       |     4 |     2 |     6 ||    12
       Elemental Force   |       |       |       |     2 |     8 |     7 ||    17
Evoke: Tin of tremorston |       |       |       |     2 |     1 |     4 ||     7
       Wand              |       |       |       |     1 |       |     2 ||     3
       Phial of floods   |       |       |       |     1 |     1 |       ||     2
       Box of beasts     |       |       |       |       |       |     1 ||     1
       Condenser vane    |       |       |       |       |       |     1 ||     1
  Use: Scroll            |     5 |     2 |    10 |     8 |     2 |     7 ||    34
       Potion            |     1 |     2 |     6 |     3 |       |     7 ||    19
 Stab: Sleeping          |     2 |     2 |       |       |       |       ||     4
       Distracted        |     1 |       |       |       |     1 |       ||     2
       Paralysed         |       |       |       |       |     1 |     1 ||     2
       Petrified         |       |       |       |       |       |     5 ||     5
Armor: Leather armour    |   109 |    36 |       |       |       |       ||   145
       Plate armour      |       |    72 |   438 |    16 |       |       ||   526
       Ring mail         |       |       |       |   296 |   494 |    46 ||   836
       Crystal plate arm |       |       |       |       |   461 |   144 ||   605
       Chain mail        |       |       |       |       |       |   448 ||   448
Dodge: Dodged            |   206 |    66 |   205 |   456 |   955 |   765 ||  2653
       Repelled          |       |       |       |     1 |     8 |    72 ||    81
Block: Other             |       |       |    43 |   127 |   474 |   492 ||  1136

Table legend: (Time is in decaauts)
 A = Elapsed time spent in this place.
 B = Non-inter-level travel time spent in this place.
 C = Inter-level travel time spent in this place.
 D = Time resting spent in this place.
 E = Time spent auto-exploring this place.
 F = Levels seen in this place.
 G = Mean time per level.
                   A        B        C        D        E       F      G
               +--------+--------+--------+--------+--------+-----+--------+
         Total |  33458 |  30659 |   2799 |   2745 |  15382 |  31 | 1079.3 |
       Dungeon |  16196 |  14989 |   1207 |   1060 |   8192 |  15 | 1079.7 |
        Temple |     32 |     32 |      0 |      0 |      0 |   1 |   32.0 |
          Lair |   6821 |   5696 |   1125 |    161 |   3228 |   5 | 1364.2 |
        Shoals |    811 |    807 |      4 |      0 |    568 |   2 |  405.5 |
     Snake Pit |   6947 |   6579 |    368 |   1407 |   2719 |   4 | 1736.8 |
  Orcish Mines |   1983 |   1890 |     93 |     93 |    479 |   2 |  991.5 |
         Sewer |    436 |    436 |      0 |     23 |    158 |   1 |  436.0 |
       Ossuary |    228 |    228 |      0 |      0 |     36 |   1 |  228.0 |
               +--------+--------+--------+--------+--------+-----+--------+

Top non-repeatable levels by time:
  Lair:3: 2191 daAuts
 Snake:2: 1941 daAuts
 Snake:4: 1884 daAuts
     D:7: 1720 daAuts
 Snake:1: 1711 daAuts
     D:1: 1572 daAuts
     D:9: 1568 daAuts
 Snake:3: 1409 daAuts
  Lair:4: 1336 daAuts
  Lair:1: 1299 daAuts
    D:11: 1254 daAuts
  Lair:5: 1183 daAuts
    D:14: 1183 daAuts
    D:13: 1153 daAuts
     D:6: 1109 daAuts
